 Dungeon Crawl Stone Soup version 0.24-a0-494-g17ce2c7 (webtiles) character file.

Game seed: 18301573634026810981

1737445 gameguard the Slayer (level 27, 237/237 HPs)
             Began as a Centaur Hunter on July 12, 2019.
             Was the Champion of Okawaru.
             Escaped with the Orb
             ... and 3 runes!
             The game lasted 02:33:11 (68786 turns).

gameguard the Slayer (Centaur Hunter)              Turns: 68786, Time: 02:33:12

Health: 237/237    AC: 46    Str: 39    XL:     27
Magic:  35/35      EV: 12    Int: 12    God:    Okawaru [******]
Gold:   4746       SH:  0    Dex: 18    Spells: 26/42 levels left

rFire    + + +     SeeInvis +   a - +7 longbow (freeze)
rCold    + . .     Gourm    +   (shield currently unavailable)
rNeg     + + .     Faith    .   w - +5 gold dragon scales
rPois    +         Spirit   .   m - +3 crown of Dyrovepreva {rElec Int+2 SInv}
rElec    +         Reflect  .   Z - +2 cloak {MR+}
rCorr    +         Harm     .   i - +2 pair of gloves of the Robin {rCorr}
MR       +++++     Clarity  +   P - +3 centaur barding of Freedom {*Corrode Regen+ Str+9}
Stlth    ..........             C - amulet of Wolule {Gourm rElec MR++ Dex+4}
HPRegen  0.89/turn              x - ring "Keappano" {+Fly rElec rN+ Str+4 Slay+3}
MPRegen  0.24/turn              T - ring "Langunai" {rF++ rN+ Str+2 Stlth-}

@: very quick
A: large, hooves 3, horns 1, icy blue scales 1, blurry vision 3, clarity,
deformed body, speed 2, frail 1, tough skin 3
0: Orb of Zot
}: 3/15 runes: decaying, serpentine, silver
a: Heroism, Finesse, Renounce Religion, Evoke Flight


You escaped.
You worshipped Okawaru.
Okawaru was exalted by your worship.
You were full.

You visited 10 branches of the dungeon, and saw 50 of its levels.
You also visited: Ice Cave and Volcano.

You collected 6466 gold pieces.
You spent 1720 gold pieces at shops.

Inventory:

Hand Weapons
 a - a +7 longbow of freezing (weapon)
 b - a +3 demon trident of electrocution
Missiles
 d - 1230 arrows (quivered)
Armour
 i - the +2 pair of gloves of the Robin (worn) {rCorr}
   (You found it on level 1 of the Depths)

   It provides partial protection from all sources of acid and corrosion.
 m - the +3 crown of Dyrovepreva (worn) {rElec Int+2 SInv}
   (You found it on level 3 of the Elven Halls)

   It affects your intelligence (+2).
   It insulates you from electricity.
   It lets you see invisible.
 w - +5 gold dragon scales (worn)
 P - the +3 centaur barding of Freedom (worn) {*Corrode Regen+ Str+9}
   (Okawaru gifted it to you on level 5 of the Vaults)

   It affects your strength (+9).
   It increases your rate of regeneration.
   It may corrode you when you take damage.
 Z - a +2 cloak of magic resistance (worn)
Jewellery
 x - the ring "Keappano" (left hand) {+Fly rElec rN+ Str+4 Slay+3}
   (You found it on level 2 of the Lair of Beasts)

   [ring of flight]

   It affects your strength (+4).
   It affects your accuracy and damage with ranged weapons and melee attacks
   (+3).
   It insulates you from electricity.
   It protects you from negative energy.
   It lets you fly.
 C - the amulet of Wolule (around neck) {Gourm rElec MR++ Dex+4}
   (You found it on level 4 of the Snake Pit)

   [amulet of the gourmand]

   It allows you to eat raw meat even when not hungry.
   It affects your dexterity (+4).
   It insulates you from electricity.
   It affects your resistance to hostile enchantments.
 T - the ring "Langunai" (right hand) {rF++ rN+ Str+2 Stlth-}
   (You bought it in a shop on level 3 of the Vaults)

   [ring of positive energy]

   It affects your strength (+2).
   It greatly protects you from fire.
   It protects you from negative energy.
   It makes you less stealthy.
Wands
 e - a wand of iceblast (41)
 o - a wand of scattershot (7)
 y - a wand of digging (18)
 I - a wand of acid (34)
 N - a wand of paralysis (15)
 W - a wand of enslavement (10)
Scrolls
 h - 6 scrolls of magic mapping
 j - 6 scrolls of fear
 k - 5 scrolls of immolation
 s - 22 scrolls of teleportation
 v - 28 scrolls of remove curse
 B - 4 scrolls of holy word
 E - 10 scrolls of fog
 H - 2 scrolls of identify
 O - 8 scrolls of blinking
 R - 5 scrolls of silence
 X - 5 scrolls of summoning
Potions
 c - 2 potions of resistance
 l - 8 potions of flight
 n - 19 potions of curing
 u - 7 potions of magic
 z - 9 potions of heal wounds
 A - 6 potions of lignification
 D - 5 potions of agility
 F - a potion of haste
 G - 11 potions of berserk rage
 J - 10 potions of might
 K - 2 potions of cancellation
 Q - 2 potions of invisibility
 U - a potion of brilliance
Miscellaneous
 g - 3 boxes of beasts
 p - a fan of gales
 q - a lamp of fire
 t - a phial of floods
 M - a sack of spiders
 Y - a lightning rod (4/4)
Comestibles
 f - 94 rations


   Skills:
 + Level 24.4 Fighting
 - Level 7.0 Polearms
 - Level 20.0 Bows
 + Level 17.8 Armour
 - Level 13.0 Dodging
 - Level 0.7 Stealth
 - Level 8.0 Spellcasting
 - Level 10.2 Hexes
 - Level 9.0 Charms
 - Level 6.0 Summonings
 - Level 8.0 Necromancy
 - Level 13.0 Translocations
 - Level 8.0 Air Magic
 - Level 16.0 Invocations
 - Level 13.0 Evocations


You had 26 spell levels left.
You knew the following spells:

 Your Spells              Type           Power        Failure   Level  Hunger
a - Portal Projectile     Hex/Tloc       ####..       2%          3    ##.....
b - Regeneration          Chrm/Necr      ####......   10%         3    ##.....
f - Cause Fear            Hex            ####......   16%         4    ####...
k - Blink                 Tloc           N/A          1%          2    #......
p - Swiftness             Chrm/Air       ####....     4%          2    #......
q - Apportation           Tloc           #####.       1%          1    None
w - Summon Butterflies    Summ           ###.....     9%          1    None

Your spell library contained the following spells:

 Spells                   Type           Power        Failure   Level  Hunger
 Confusing Touch          Hex            ####..       1%          1    None
 Corona                   Hex            ####...      1%          1    None
 Slow                     Hex            ####....     2%          2    #......
 Animate Skeleton         Necr           N/A          3%          1    None
 Pain                     Necr           ###.         3%          1    None
 Confuse                  Hex            ####....     4%          3    ##.....
 Sublimation of Blood     Necr           ###.......   6%          2    #......
 Recall                   Summ/Tloc      N/A          6%          3    ##.....
 Summon Small Mammal      Summ           ###.         9%          1    None
 Summon Guardian Golem    Hex/Summ       ###.....     11%         3    ##.....
 Vampiric Draining        Necr           ###.......   12%         3    ##.....
 Call Imp                 Summ           ###.....     13%         2    #......
 Shock                    Conj/Air       ##..         21%         1    None
 Call Canine Familiar     Summ           ###.....     26%         3    ##.....
 Poisonous Vapours        Pois/Air       ##....       30%         2    #......
 Dazzling Spray           Conj/Hex       ###...       36%         3    ##.....
 Inner Flame              Hex/Fire       ###.....     36%         3    ##.....
 Airstrike                Air            ###.......   36%         4    ####...
 Animate Dead             Necr           N/A          36%         4    ####...
 Summon Lightning Spire   Summ/Air       ###.....     50%         4    ####...
 Static Discharge         Conj/Air       ##......     52%         3    ##.....
 Force Lance              Conj/Tloc      ###.....     56%         4    ####...
 Magic Dart               Conj           #...         71%         1    None
 Sting                    Conj/Pois      #...         71%         1    None
 Mephitic Cloud           Conj/Pois/Air  ##......     71%         3    ##.....
 Summon Mana Viper        Hex/Summ       ###.....     71%         5    ######.
 Fulminant Prism          Conj/Hex       ###.......   77%         4    ####...
 Leda's Liquefaction      Hex/Erth       ###.......   77%         4    ####...
 Searing Ray              Conj           #.....       83%         2    #......
 Summon Ice Beast         Ice/Summ       ##......     96%         4    ####...
 Conjure Flame            Conj/Fire      #.......     97%         3    ##.....
 Ignite Poison            Fire/Tmut/Pois #.......     97%         3    ##.....
 Yara's Violent Unravell  Hex/Tmut       ###.......   98%         5    ######.
 Borgnjor's Vile Clutch   Necr/Erth      ##........   99%         5    ######.
 Lightning Bolt           Conj/Air       ##........   99%         5    ######.
 Death Channel            Necr           ###.......   99%         6    #######
 Iskenderun's Mystic Bla  Conj           #.......     100%        4    ####...
 Olgreb's Toxic Radiance  Pois           #.......     100%        4    ####...
 Petrify                  Tmut/Erth      #.......     100%        4    ####...
 Alistair's Intoxication  Tmut/Pois      #.......     100%        5    ######.
 Bolt of Magma            Conj/Fire/Erth #.........   100%        5    ######.
 Fireball                 Conj/Fire      #.........   100%        5    ######.
 Irradiate                Conj/Tmut      #.........   100%        5    ######.
 Venom Bolt               Conj/Pois      #.........   100%        5    ######.
 Bolt of Fire             Conj/Fire      #.........   100%        6    #######
 Freezing Cloud           Conj/Ice/Air   ##........   100%        6    #######
 Hydra Form               Tmut           #.........   100%        6    #######
 Iron Shot                Conj/Erth      #.........   100%        6    #######
 Simulacrum               Ice/Necr       ##........   100%        6    #######
 Statue Form              Tmut/Erth      #........    100%        6    #######
 Dragon Form              Tmut           #.........   100%        7    #######
 Ring of Flames           Chrm/Fire      ###.......   100%        7    #######
 Summon Hydra             Summ           ###.......   100%        7    #######
 Ignition                 Fire           #.........   100%        8    #######
 Shatter                  Erth           #.........   100%        9    #######


Dungeon Overview and Level Annotations

Branches:
Dungeon (15/15)            Temple (1/1) D:6            Lair (6/6) D:8
  Swamp (4/4) Lair:4        Snake (4/4) Lair:2        Slime (0/5) Lair:6
    Orc (2/2) D:12            Elf (3/3) Orc:2        Vaults (5/5) D:14
  Crypt (0/3) Vaults:2     Depths (5/5) D:15            Zot (5/5) Depths:5

Altars:
Ashenzari
Cheibriados
Dithmenos
Elyvilon
Fedhas
Gozag
Hepliaklqana
Kikubaaqudgha
Makhleb
Nemelex Xobeh
Okawaru
Qazlal
Ru
Sif Muna
Trog
Uskayaw
Vehumet
Wu Jian
Xom
Yredelemnul
Zin
The Shining One
Beogh

Shops:
D:4 (   D:10 (   Orc:2 }(%*   Elf:3 %   Snake:2 *   Vaults:1 [[[*(
Vaults:3 *(   Vaults:4 *

Portals:
Hell: Depths:1 Depths:2 Depths:4 Depths:5
Abyss: Depths:4
Pandemonium: Depths:2 Depths:3 Depths:4
Ziggurat: Depths:1
Trove: D:10 (give +8 demon whip)

Annotations:
Vaults:1 exclusion: obsidian statue
Depths:2 1 runed translucent door
Zot:2 3 runed translucent doors, Kimy's ghost, legendary OgBe


Innate Abilities, Weirdness & Mutations

You have hooves in place of feet.
Armour fits poorly on your strangely shaped body.
You cover ground very quickly.
You have extremely tough skin. (AC +3)
You have a pair of small horns on your head.
You are partially covered in icy blue scales. (AC +2)
Scrolls take you much longer to read.
You possess an exceptional clarity of mind.
You are frail. (-10% HP)


Message History

There is a stone staircase leading up here.
You climb upwards.
There is a stone staircase leading down here.
Your extra speed is starting to run out.
You feel yourself slow down.
A shadow demon, a monstrous demonspawn and a corrupter come into view.
The shadow demon gives a loud, deep croak!
Really attack while wielding your +7 longbow of freezing? [Y]es or [N]o only, please.
Really attack while wielding your +7 longbow of freezing? [Y]es or [N]o only, please.
Really attack while wielding your +7 longbow of freezing? [Y]es or [N]o only, please.
Really attack while wielding your +7 longbow of freezing?
Okay, then.
There is a staircase leading out of the dungeon here.
You can't go down here!
Unknown command.
You can't go down here!
You have escaped! ####### ......# .....[# #####.# #.#################### #.##PPPPPPPPPPPPPPPPP# #...PPPPPP..@..PPPPPP# #...PPPP..PPPPP..PPPP# #...PPP.PPP...PPP.PPP# #...PPP.PP.PPP.PP.PPP# #..†PP.PP.PP.PP.PP.PP#

# #..÷PP.P.PP.P.PP.P6PP#
#####...PP.P.P.PPP.P.P.PP#
........PP.P.PP.P.PP.P.PP#
#####...PP.PP.PP.PP.PP.PP#


You could see a monstrous demonspawn.

Vanquished Creatures
  11 orbs of fire
  Mara (Depths:4)
  A juggernaut (Depths:1)
  4 ancient liches (Zot:5)
  Bai Suzhen (Snake:4)
  4 Killer Klowns (Zot:5)
  Saint Roka (Depths:5)
  Vashnia (Snake:4)
  A curse toe (Zot:3)
  A caustic shrike (shapeshifter) (Vaults:5)
  7 golden dragons
  Jory (Vaults:5)
  2 bone dragons (Depths:5)
  4 liches
  4 electric golems
  Rupert (Orc:2)
  27 Orb Guardians
  20 tentacled monstrosities
  The ghost of Leuriuraq the Warrior, an adept MiFi of Qazlal (Vaults:1)
  4 titans (Vaults:5)
  2 deep elf master archers (Elf:3)
  Asterion (Snake:1)
  2 deep elf blademasters (Elf:3)
  5 quicksilver dragons
  10 death cobs
  14 shadow dragons
  The ghost of Xokkal the Warrior, an adept OgFi of Hepliaklqana (Snake:3)
  4 sphinxes (Vaults:5)
  4 thorn hunters (Swamp:4)
  7 tengu reavers
  Kirke (Swamp:2)
  13 storm dragons
  13 fire giants
  8 nagarajas
  4 balrugs
  A daeva (Depths:4)
  10 deep elf sorcerers
  3 iron dragons
  6 draconian monks
  5 draconian knights
  Aizul (Snake:1)
  13 vault wardens
  8 draconian scorchers
  10 frost giants
  4 ghost moths
  6 draconian shifters
  A draconian stormcaller (Zot:1)
  4 deep elf elementalists
  7 draconian annihilators
  A juggernaut zombie (D:15)
  17 ironheart preservers
  16 very ugly things
  18 stone giants
  An entropy weaver (Vaults:2)
  3 spriggan defenders
  2 vampire knights
  3 war gargoyles
  A green draconian (shapeshifter) (Zot:4)
  10 deep elf demonologists
  13 green draconians
  16 black draconians
  8 yellow draconians
  13 white draconians
  16 red draconians
  9 purple draconians
  14 deep elf annihilators
  A merfolk javelineer (Depths:1)
  14 ettins
  2 crystal guardians
  9 deep elf death magi
  A merfolk impaler (Depths:1)
  A quicksilver dragon zombie (D:15)
  7 deep elf high priests
  11 fire dragons
  13 yaktaur captains
  5 great orbs of eyes
  A great orb of eyes (shapeshifter) (Zot:4)
  18 naga warriors
  3 jiangshi (Depths:1)
  24 hydras
  30 vault guards
  2 spriggan air magi
  12 rakshasas
  A hell beast (Depths:4)
  15 centaur warriors
  2 ghost crabs
  7 anacondas
  A catoblepas (Lair:6)
  8 ice dragons
  6 death knights
  20 dancing weapons
  Erica (Lair:1)
  3 shambling mangroves
  12 alligators
  8 ogre magi
  6 tengu warriors
  7 deep troll earth magi
  12 deep troll shamans
  9 death yaks
  3 vampire magi
  26 two-headed ogres
  8 naga sharpshooters
  5 spriggan berserkers
  8 shock serpents
  A sun demon (Depths:4)
  5 orc high priests
  14 hell knights
  18 deep elf knights
  3 skeletal warriors (D:15)
  A shadow wraith (Vaults:2)
  A salamander mystic (Snake:3)
  5 sea snakes (Snake:2)
  8 iron trolls
  Nergalle (Lair:2)
  A cherub (D:6)
  A flayed ghost (Depths:3)
  2 unseen horrors
  An infernal demonspawn (Depths:3)
  4 naga ritualists
  2 shadow demons (Elf:2)
  31 deep trolls
  11 swamp dragons
  15 deep elf archers
  A spriggan druid (Swamp:2)
  A golden dragon skeleton (Depths:4)
  4 wizards
  7 necromancers
  5 glowing orange brains
  A lindwurm (Lair:6)
  A harpy (shapeshifter) (Elf:3)
  16 ironbrand convokers
  A shadow dragon zombie (Vaults:5)
  6 phantasmal warriors
  5 harpies (Vaults:3)
  A mana viper (shapeshifter) (Vaults:1)
  16 orc knights
  A human zombie (Vaults:5)
  52 ugly things
  4 orc sorcerers (Orc:2)
  5 wolf spiders
  7 oklob plants
  An orb spider (Zot:4)
  8 mana vipers
  6 cyclopes
  56 deep elf magi
  6 manticores
  A sphinx skeleton (Vaults:1)
  21 moths of wrath
  A frost giant zombie (Vaults:1)
  18 elephants
  A cyclops (shapeshifter) (Vaults:5)
  18 salamanders
  2 centaur zombies
  33 black mambas
  A water nymph (shapeshifter) (Vaults:5)
  A rust devil (Depths:4)
  2 smoke demons
  An ice statue (IceCv)
  4 guardian serpents
  3 black mambas (shapeshifter)
  23 naga magi
  16 vault sentinels
  A torpor snail (Lair:6)
  A spiny frog (shapeshifter) (Depths:3)
  19 spiny frogs
  4 kobold demonologists
  5 centaur skeletons
  A hellion (Depths:5)
  4 yaktaur zombies
  3 rime drakes
  An elf zombie (Depths:4)
  A molten gargoyle (Depths:3)
  6 freezing wraiths
  42 yaktaurs
  3 tengu conjurers
  6 komodo dragons
  5 hellwings
  The ghost of StrangeLoop the Ruffian, an amateur TrBe of Trog (D:4)
  2 ice devils
  3 harpy zombies (Zot:4)
  A merfolk (shapeshifter) (Depths:2)
  A queen bee (D:14)
  2 red devils (Depths:3)
  A queen bee (shapeshifter) (Vaults:1)
  4 trolls
  25 polar bears
  A jumping spider (shapeshifter) (Vaults:1)
  2 polar bears (shapeshifter)
  A troll (shapeshifter) (D:13)
  9 tyrant leeches
  12 hornets
  3 raiju
  6 meliai (D:14)
  A blink frog (shapeshifter) (Vaults:3)
  26 slime creatures
  5 bog bodies
  25 blink frogs
  A hippogriff (shapeshifter) (D:13)
  2 spriggan zombies
  16 dream sheep
  A fire giant simulacrum (Vaults:2)
  11 hippogriffs
  A stone giant simulacrum (Vaults:5)
  3 shadows
  4 flying skulls (Depths:4)
  2 dire elephant simulacra (Lair:5)
  6 spriggans
  10 water elementals
  2 air elementals
  2 redbacks (Vaults:2)
  A tarantella (shapeshifter) (Vaults:1)
  9 wyverns
  6 wraiths
  40 yaks
  2 vampires
  12 fire bats
  A fire bat (shapeshifter) (Depths:4)
  A golden eye (shapeshifter) (Vaults:4)
  4 hogs (Swamp:2)
  2 large abominations
  5 hungry ghosts
  5 basilisks
  19 vampire mosquitoes
  3 chaos spawn
  2 steam dragons (Volcano)
  65 nagas
  6 wargs (Lair:6)
  An acid dragon (shapeshifter) (D:13)
  13 swamp worms
  10 insubstantial wisps (Swamp:3)
  A soldier ant (D:12)
  3 acid dragons
  4 water moccasins
  15 hell hounds (Lair:6)
  Duvessa (D:7)
  9 swamp drakes
  6 porcupines
  A black bear (shapeshifter) (Depths:1)
  3 sky beasts
  42 orc warriors
  11 black bears (Lair:6)
  An eye of draining (D:12)
  3 phantoms
  An eye of draining (shapeshifter) (Vaults:1)
  14 boggarts
  A boggart (shapeshifter) (Vaults:1)
  7 necrophages (Swamp:2)
  31 wolves
  27 centaurs
  3 human skeletons (Vaults:1)
  24 ogres
  11 crocodiles
  2 big kobolds (D:10)
  16 bullfrogs
  A wyvern zombie (D:8)
  Dowan (D:7)
  A scorpion (D:14)
  A wyvern skeleton (D:10)
  33 killer bees
  3 wights (D:10)
  2 human simulacra (Vaults:1)
  14 electric eels
  6 howler monkeys
  5 crimson imps
  A yaktaur simulacrum (Vaults:1)
  A hippogriff simulacrum (Lair:5)
  A bullfrog zombie (D:8)
  3 jellies
  A wyvern simulacrum (D:14)
  5 hounds
  A quasit (Depths:3)
  33 orc priests
  3 bullfrog skeletons
  6 iguanas
  An iron imp (Depths:3)
  Jessica (D:2)
  A gnoll shaman (D:5)
  30 orc wizards
  8 worker ants
  Natasha (thrice) (D:4)
  A bullfrog simulacrum (Lair:5)
  3 hound zombies
  2 porcupine simulacra (Lair:5)
  2 hound skeletons (D:9)
  2 worker ant zombies
  Robin (D:4)
  18 adders
  12 gnolls
  2 howler monkey skeletons
  5 shadow imps
  4 white imps
  An ufetubus (Depths:3)
  4 oozes
  An adder zombie (D:9)
  An adder skeleton (D:4)
  A worm (shapeshifter) (Depths:3)
  A worm (D:2)
  A dart slug (D:1)
  7 leopard geckos
  108 orcs
  5 giant cockroaches
  14 goblins
  8 hobgoblins
  5 quokkas
  2 ball pythons
  8 bats
  5 frilled lizards
  2 jackal zombies
  12 kobolds
  2 quokka zombies
  7 rats
  A plant (Volcano)
2382 creatures vanquished.

Vanquished Creatures (collateral kills)
  A purple draconian (Zot:3)
  A white draconian (Zot:3)
2 creatures vanquished.

Vanquished Creatures (others)
  A deep elf knight (Elf:3)
  2 hornets (Swamp:4)
  A spriggan (Swamp:4)
  A boggart (Vaults:3)
  2 ogres
  11 fungi
  40 plants
58 creatures vanquished.

Grand Total: 2442 creatures vanquished

Notes
Turn   | Place    | Note
-------+----------+-------------------------------------------
     0 | D:1      | gameguard the Centaur Hunter began the quest for the Orb.
     0 | D:1      | Reached XP level 1. HP: 17/17 MP: 1/1
   225 | D:1      | Reached XP level 2. HP: 21/24 MP: 2/2
   968 | D:2      | Reached XP level 3. HP: 27/30 MP: 3/3
  1289 | D:2      | Reached skill level 3 in Fighting
  1324 | D:2      | Reached XP level 4. HP: 38/38 MP: 4/4
  1525 | D:2      | Noticed Jessica
  1532 | D:2      | Killed Jessica
  1835 | D:3      | Found a stormy altar of Qazlal.
  2579 | D:4      | Reached skill level 4 in Fighting
  2589 | D:4      | Got an ebony trident
  2599 | D:4      | Identified the +3 trident of Battle {pierce, rC+} (You
                  | found it on level 4 of the Dungeon)
  2702 | D:4      | Reached XP level 5. HP: 43/46 MP: 5/5
  2720 | D:4      | Noticed Robin
  2745 | D:3      | Reached skill level 1 in Polearms
  3076 | D:3      | Noticed a centaur
  3093 | D:3      | Killed a centaur
  3093 | D:3      | Reached XP level 6. HP: 15/53 MP: 6/6
  3558 | D:3      | Found a deep blue altar of Sif Muna.
  3714 | D:4      | Reached skill level 5 in Fighting
  3745 | D:4      | Killed Robin
  3873 | D:4      | Noticed Natasha
  3876 | D:4      | Reached XP level 7. HP: 61/61 MP: 7/7
  3896 | D:4      | Killed Natasha
  3910 | D:4      | Noticed Natasha
  3921 | D:4      | Killed Natasha
  3986 | D:4      | Found Wyetoips's Antique Weapon Shop.
  4000 | D:4      | Noticed StrangeLoop's ghost (amateur TrBe)
  4001 | D:4      | Found a transporter.
  4011 | D:4      | Noticed Natasha
  4014 | D:4      | Killed Natasha
  4103 | D:4      | Found a transporter.
  4321 | D:5      | Entered Level 5 of the Dungeon
  4731 | D:5      | Reached skill level 6 in Fighting
  4766 | D:5      | Reached XP level 8. HP: 70/70 MP: 8/8
  5005 | D:5      | You fall into a shaft and drop 1 floor!
  5450 | D:5      | Reached skill level 7 in Fighting
  5620 | D:6      | Found a staircase to the Ecumenical Temple.
  5692 | Temple   | Entered the Ecumenical Temple
  5902 | Temple   | Became a worshipper of Warmaster Okawaru
  6176 | D:6      | Reached skill level 10 in Bows
  6564 | D:7      | Reached skill level 1 in Armour
  6566 | D:7      | Noticed Duvessa
  6576 | D:7      | Noticed Dowan
  6584 | D:6      | Reached skill level 1 in Invocations
  6758 | D:7      | Killed Duvessa
  6758 | D:7      | Reached skill level 1 in Evocations
  6783 | D:7      | Killed Dowan
  6869 | D:7      | Reached * piety under Okawaru
  6869 | D:7      | Reached XP level 9. HP: 79/79 MP: 10/10
  7941 | D:8      | Noticed a death yak
  8032 | D:8      | Noticed a centaur warrior
  8057 | D:8      | Killed a centaur warrior
  8057 | D:8      | Reached ** piety under Okawaru
  8057 | D:8      | Reached skill level 8 in Fighting
  8238 | D:8      | Noticed a death yak
  8238 | D:8      | Noticed a death yak
  8325 | D:8      | Found a staircase to the Lair.
  8327 | D:8      | Noticed a death yak
  8329 | D:8      | Noticed a death yak
  8425 | D:8      | Noticed a death yak
  9237 | D:9      | Reached *** piety under Okawaru
  9281 | D:8      | Reached XP level 10. HP: 76/90 MP: 13/13
  9333 | D:8      | Noticed a two-headed ogre
 10140 | D:9      | Noticed a manticore
 10188 | D:9      | Noticed a two-headed ogre
 10216 | D:9      | Killed a two-headed ogre
 10216 | D:9      | Received a gift from Okawaru
 10216 | D:9      | Reached **** piety under Okawaru
 10216 | D:9      | Reached skill level 5 in Invocations
 10301 | D:10     | Entered Level 10 of the Dungeon
 10407 | D:10     | Found Talleil's Weapon Emporium.
 10515 | D:10     | Reached skill level 9 in Fighting
 10642 | D:10     | Killed an unseen horror
 10642 | D:10     | Received a gift from Okawaru
 10806 | D:10     | Paralysed by a hornet for 1 turns
 11027 | D:10     | Reached ***** piety under Okawaru
 11027 | D:10     | Received a gift from Okawaru
 11576 | D:10     | Noticed a vault guard
 11691 | D:10     | Killed a vault guard
 11691 | D:10     | Reached XP level 11. HP: 99/99 MP: 15/15
 11817 | D:10     | Found a portal to a secret trove of treasure.
 11922 | D:8      | Killed a death yak
 11922 | D:8      | Reached skill level 10 in Fighting
 11962 | D:8      | Killed a death yak
 11962 | D:8      | Received a gift from Okawaru
 12006 | D:8      | Killed a death yak
 12126 | D:8      | Killed a death yak
 12126 | D:8      | Received a gift from Okawaru
 12184 | D:8      | Killed a death yak
 12256 | D:8      | Killed a death yak
 12526 | D:8      | Killed a two-headed ogre
 12978 | Lair:1   | Entered Level 1 of the Lair of Beasts
 12982 | Lair:1   | Reached skill level 11 in Fighting
 12983 | Lair:1   | Noticed Erica
 13007 | Lair:1   | Killed Erica
 13403 | Lair:1   | Reached XP level 12. HP: 110/110 MP: 18/18
 13517 | Lair:1   | Noticed a seven-headed hydra
 13525 | Lair:1   | Killed a seven-headed hydra
 13525 | Lair:1   | Received a gift from Okawaru
 13525 | Lair:1   | Reached skill level 15 in Bows
 14059 | Lair:2   | Reached ****** piety under Okawaru
 14092 | Lair:2   | Noticed Nergalle
 14106 | Lair:2   | Killed Nergalle
 14106 | Lair:2   | Received a gift from Okawaru
 14106 | Lair:2   | Reached skill level 12 in Fighting
 14125 | Lair:2   | Got a scorched shortbow {god gift}
 14128 | Lair:2   | Identified the +10 shortbow of the Sugar Beet {velocity,
                  | Str+4 Int-2 Dex+6} (Okawaru gifted it to you on level 2 of
                  | the Lair of Beasts)
 14260 | Lair:2   | Found a staircase to the Snake Pit.
 15116 | Lair:3   | Found a frozen archway.
 15171 | IceCv    | Entered an ice cave
 15448 | IceCv    | Received a gift from Okawaru
 15519 | IceCv    | Noticed a frost giant
 15528 | IceCv    | Reached skill level 13 in Fighting
 15535 | IceCv    | Killed a frost giant
 15535 | IceCv    | Received a gift from Okawaru
 15541 | IceCv    | Received a gift from Okawaru
 15893 | IceCv    | Got a bloodstained battleaxe
 15979 | Lair:3   | Identified the +7 battleaxe of Ambiguity {venom, *Contam
                  | rC+++ Dex+7} (You found it in an ice cave)
 16008 | Lair:3   | Reached XP level 13. HP: 122/122 MP: 19/19
 16063 | Lair:3   | Received a gift from Okawaru
 16328 | Lair:3   | Received a gift from Okawaru
 17207 | Lair:4   | Found a staircase to the Swamp.
 17509 | Lair:4   | Found a basalt altar of Yredelemnul.
 17877 | Lair:5   | Found a transporter.
 18004 | Lair:5   | Found a transporter.
 18044 | Lair:5   | Reached skill level 5 in Evocations
 18153 | Lair:5   | Found a dark tunnel.
 18170 | Volcano  | Entered a volcano
 18179 | Volcano  | Received a gift from Okawaru
 18230 | Volcano  | Received a gift from Okawaru
 18230 | Volcano  | Reached skill level 5 in Armour
 18290 | Volcano  | Got a translucent plate armour {god gift}
 18305 | Volcano  | Identified the +7 plate armour of the Shrike {Str+3 Int+4
                  | SInv} (Okawaru gifted it to you in a volcano)
 18618 | Volcano  | Reached skill level 14 in Fighting
 18800 | Volcano  | Noticed a fire dragon
 18811 | Volcano  | Killed a fire dragon
 19820 | Lair:5   | Reached XP level 14. HP: 132/132 MP: 20/20
 19835 | Lair:5   | Got a jewelled hat
 19873 | Lair:5   | Identified the +1 hat of Heysaynk {rC- Dex+9} (You found it
                  | on level 5 of the Lair of Beasts)
 19949 | Lair:6   | Entered Level 6 of the Lair of Beasts
 19949 | Lair:6   | Found a staircase to the Slime Pits.
 20368 | Lair:6   | Received a gift from Okawaru
 20503 | Lair:6   | Noticed Sonja
 20509 | Lair:6   | Noticed Sonja
 20509 | Lair:6   | Sonja changed into Sonja the raiju
 20526 | Lair:6   | Received a gift from Okawaru
 20529 | Lair:6   | Killed Sonja the raiju
 21437 | Lair:6   | Reached skill level 15 in Fighting
 21574 | Lair:6   | Received a gift from Okawaru
 21704 | Lair:6   | Got a vibrating pewter ring
 22103 | Lair:6   | Received a gift from Okawaru
 22556 | Lair:6   | Received a gift from Okawaru
 23116 | Lair:3   | Found the +5 robe of Misfortune {*Contam Harm *Corrode
                  | *Drain *Slow EV+5}
 23158 | Lair:2   | Identified the cursed ring "Dageij" {+Fly rN+ MR+ Str-2
                  | Int-2} (You found it on level 6 of the Lair of Beasts)
 23210 | Lair:2   | Got the ring "Keappano" {+Fly}
 23253 | Lair:2   | Identified the ring "Keappano" {+Fly rElec rN+ Str+4
                  | Slay+3} (You found it on level 2 of the Lair of Beasts)
 23551 | D:11     | Reached XP level 15. HP: 122/141 MP: 21/21
 23663 | D:11     | You fall into a shaft and drop 1 floor!
 23681 | D:12     | Received a gift from Okawaru
 23881 | D:12     | Received a gift from Okawaru
 23938 | D:12     | Received a gift from Okawaru
 24070 | D:12     | Found a roughly hewn altar of Beogh.
 24070 | D:12     | Found a staircase to the Orcish Mines.
 24561 | Orc:1    | Entered Level 1 of the Orcish Mines
 25065 | Orc:2    | Entered Level 2 of the Orcish Mines
 25286 | Orc:2    | Received a gift from Okawaru
 25400 | Orc:2    | Found a staircase to the Elven Halls.
 25742 | Orc:2    | Found Xasurih's General Store.
 25742 | Orc:2    | Found Lome's Food Boutique.
 25746 | Orc:2    | Found Nyargh Suog's Gadget Boutique.
 25746 | Orc:2    | Found Edoridill's Antique Weapon Emporium.
 25764 | Orc:2    | Bought a scroll of fear for 49 gold pieces
 25764 | Orc:2    | Bought a scroll of magic mapping for 49 gold pieces
 25810 | Orc:2    | Noticed Rupert
 25825 | Orc:2    | Paralysed by Rupert for 4 turns
 25830 | Orc:2    | Killed Rupert
 26649 | D:13     | Reached skill level 10 in Invocations
 27577 | D:14     | Received a gift from Okawaru
 27638 | D:14     | Found a gate to the Vaults.
 27653 | D:14     | Received a gift from Okawaru
 27965 | D:15     | Entered Level 15 of the Dungeon
 28014 | D:15     | Reached XP level 16. HP: 144/151 MP: 23/23
 28087 | D:15     | Reached skill level 16 in Fighting
 28113 | D:15     | Found a staircase to the Depths.
 29117 | Snake:1  | Entered Level 1 of the Snake Pit
 29120 | Snake:1  | Noticed Aizul
 29139 | Snake:1  | Killed Aizul
 29534 | Snake:1  | Reached skill level 5 in Dodging
 29545 | Snake:1  | Received a gift from Okawaru
 30084 | Snake:1  | Noticed Asterion
 30103 | Snake:1  | Killed Asterion
 30103 | Snake:1  | Received a gift from Okawaru
 30311 | Snake:1  | Received a gift from Okawaru
 31066 | Snake:2  | Received a gift from Okawaru
 31505 | Snake:2  | Found Qauxtit's Assorted Antiques.
 31853 | Snake:2  | Reached XP level 17. HP: 150/160 MP: 26/26
 31976 | Snake:3  | Received a gift from Okawaru
 31992 | Snake:3  | Found a transporter.
 31992 | Snake:3  | Found a transporter.
 32024 | Snake:3  | Found a bloodstained altar of Trog.
 32038 | Snake:3  | Noticed Xokkal's ghost (adept OgFi)
 32056 | Snake:3  | Identified the cursed +3 spear "Isudiew" {distort, Int+8
                  | Dex+6}
 32063 | Snake:3  | Received a gift from Okawaru
 32068 | Snake:3  | Reached skill level 10 in Armour
 32074 | Snake:3  | Reached skill level 17 in Fighting
 32676 | Snake:3  | Found an iron altar of Okawaru.
 32755 | Snake:3  | Received a gift from Okawaru
 33517 | Orc:2    | Bought a lamp of fire for 520 gold pieces
 33875 | Snake:3  | Killed Xokkal's ghost
 33887 | Snake:3  | Received a gift from Okawaru
 33982 | Snake:4  | Entered Level 4 of the Snake Pit
 34092 | Snake:4  | Got a sparkling iron amulet
 34102 | Snake:4  | Noticed Bai Suzhen
 34133 | Snake:4  | Killed Bai Suzhen
 34161 | Snake:4  | Received a gift from Okawaru
 34193 | Snake:4  | Got a heavily runed centaur barding {god gift}
 34952 | Snake:4  | Noticed Vashnia
 34965 | Snake:4  | Killed Vashnia
 34965 | Snake:4  | Reached XP level 18. HP: 168/171 MP: 19/27
 35128 | Snake:4  | Got a serpentine rune of Zot
 35410 | Snake:4  | Identified the +4 centaur barding "Omacybue" {Dex+2}
                  | (Okawaru gifted it to you on level 4 of the Snake Pit)
 35434 | Snake:4  | Identified the amulet of Wolule {Gourm rElec MR++ Dex+4}
                  | (You found it on level 4 of the Snake Pit)
 35608 | Swamp:1  | Entered Level 1 of the Swamp
 35630 | Swamp:1  | Received a gift from Okawaru
 35716 | Swamp:1  | Received a gift from Okawaru
 35786 | Swamp:1  | Received a gift from Okawaru
 36086 | Swamp:1  | Reached skill level 18 in Fighting
 36677 | Swamp:2  | Noticed Kirke
 36684 | Swamp:2  | Killed Kirke
 38257 | Swamp:4  | Entered Level 4 of the Swamp
 38329 | Swamp:4  | Reached skill level 10 in Evocations
 38713 | Swamp:4  | Received a gift from Okawaru
 38997 | Swamp:4  | Reached XP level 19. HP: 116/180 MP: 29/29
 39321 | Swamp:4  | Got a decaying rune of Zot
 39737 | D:4      | Killed StrangeLoop's ghost
 40027 | Vaults:1 | Entered Level 1 of the Vaults
 40191 | Vaults:1 | Received a gift from Okawaru
 40203 | Vaults:1 | Found Jagu's Assorted Antiques.
 40355 | Vaults:1 | Received a gift from Okawaru
 40380 | Vaults:1 | Received a gift from Okawaru
 40489 | Vaults:1 | Received a gift from Okawaru
 40733 | Vaults:1 | Found Ziunwub's Antique Weapon Shop.
 40769 | Vaults:1 | Reached skill level 19 in Fighting
 40855 | Vaults:1 | Found an opulent altar of Gozag.
 40857 | Vaults:1 | Found a runed translucent gate.
 40857 | Vaults:1 | Found a runed translucent gate.
 40865 | Vaults:1 | Found Ipton's Armour Shop.
 40946 | Vaults:1 | Received a gift from Okawaru
 41073 | Vaults:1 | Found Owehogim's Antique Armour Shop.
 41256 | Vaults:1 | Found a runed translucent gate.
 41258 | Vaults:1 | Found Pusis's Assorted Antiques.
 41258 | Vaults:1 | Noticed Leuriuraq's ghost (adept MiFi)
 41287 | Vaults:1 | Received a gift from Okawaru
 41301 | Vaults:1 | Killed Leuriuraq's ghost
 41361 | Vaults:1 | Found Odghos's Armour Shoppe.
 41736 | Vaults:2 | Received a gift from Okawaru
 42174 | Vaults:2 | Reached skill level 10 in Dodging
 42335 | Vaults:2 | Got a sparkling pewter amulet
 42430 | Vaults:2 | Found a staircase to the Crypt.
 42461 | Vaults:2 | Learned a level 3 spell: Portal Projectile
 42619 | Vaults:2 | Received a gift from Okawaru
 42788 | Vaults:2 | Reached skill level 1 in Translocations
 42791 | Vaults:2 | Reached skill level 1 in Hexes
 43064 | Vaults:2 | Reached skill level 1 in Spellcasting
 43064 | Vaults:2 | Reached XP level 20. HP: 191/191 MP: 30/30
 43413 | Vaults:3 | Found Jissaif's Antique Weapon Shop.
 43413 | Vaults:3 | Found Huniuf's General Store.
 43981 | Vaults:3 | Received a gift from Okawaru
 44564 | Vaults:3 | Learned a level 3 spell: Regeneration
 45543 | Vaults:4 | Identified the amulet "Zithruic" {+Rage Int+7 SInv} (You
                  | found it on level 2 of the Vaults)
 45550 | Vaults:4 | Upgraded the game from 0.24-a0-489-g1c7b743 to
                  | 0.24-a0-494-g17ce2c7
 46014 | Vaults:4 | Received a gift from Okawaru
 46352 | Vaults:4 | Found Umimuc's Assorted Antiques.
 46360 | Vaults:4 | Bought a scroll of identify for 62 gold pieces
 46418 | Vaults:4 | Reached skill level 5 in Translocations
 46525 | Vaults:4 | Reached skill level 5 in Hexes
 46909 | Vaults:4 | Received a gift from Okawaru
 46912 | Vaults:4 | Reached XP level 21. HP: 200/200 MP: 31/31
 47117 | Depths:1 | Entered Level 1 of the Depths
 47123 | Depths:1 | Found a sparkling altar of Nemelex Xobeh.
 47223 | Depths:1 | Received a gift from Okawaru
 47258 | Depths:1 | Reached skill level 20 in Fighting
 47383 | Depths:1 | Received a gift from Okawaru
 47500 | Depths:1 | Received a gift from Okawaru
 47840 | Depths:1 | Received a gift from Okawaru
 47849 | Depths:1 | Got a pair of bloodstained gloves
 47951 | Depths:1 | Found a gateway to a ziggurat.
 47979 | Depths:1 | Found a gateway to Hell.
 48010 | Depths:1 | Noticed a juggernaut
 48027 | Depths:1 | Killed a juggernaut
 48268 | Depths:1 | Identified the +2 pair of gloves of the Robin {rCorr} (You
                  | found it on level 1 of the Depths)
 48339 | Depths:2 | Noticed a golden dragon
 48364 | Depths:2 | Killed a golden dragon
 49194 | Depths:2 | Received a gift from Okawaru
 49340 | Depths:2 | You fall into a shaft and drop 1 floor!
 49392 | Depths:3 | You fall into a shaft and drop 2 floors!
 49392 | Depths:5 | Entered Level 5 of the Depths
 49746 | Depths:4 | Found a one-way gate to the infinite horrors of the Abyss.
 49867 | Depths:4 | Found a one-way gate leading to the halls of Pandemonium.
 49950 | Depths:4 | Reached XP level 22. HP: 211/211 MP: 32/32
 50076 | Depths:4 | Noticed Mara
 50086 | Depths:4 | Killed Mara
 50129 | Depths:4 | Found a glowing golden altar of the Shining One.
 50457 | Depths:4 | Identified a scroll of acquirement
 50460 | Depths:4 | Got a coiled glass ring
 50463 | Depths:4 | Identified the ring "Sudot" {rN+ MP-9 Str+4 Dex+3 SInv}
                  | (You acquired it on level 4 of the Depths)
 51231 | Depths:3 | Received a gift from Okawaru
 51628 | Depths:3 | Noticed a golden dragon
 51667 | Depths:3 | Noticed a golden dragon
 51673 | Depths:3 | Killed a golden dragon
 51688 | Depths:3 | Killed a golden dragon
 51762 | Depths:3 | Reached skill level 5 in Polearms
 51769 | Depths:3 | Received a gift from Okawaru
 52485 | Depths:5 | Noticed Saint Roka
 52519 | Depths:5 | Killed Saint Roka
 52519 | Depths:5 | Received a gift from Okawaru
 53145 | Depths:5 | Reached XP level 23. HP: 217/217 MP: 34/34
 53218 | Depths:5 | Reached skill level 15 in Invocations
 53225 | Depths:5 | Found a gate to the Realm of Zot.
 53968 | Depths:5 | Learned a level 1 spell: Apportation
 54219 | Depths:2 | Found a runed translucent door.
 55079 | Elf:1    | Entered Level 1 of the Elven Halls
 55178 | Elf:1    | You fall into a shaft and drop 1 floor!
 55414 | Elf:2    | Reached skill level 21 in Fighting
 55589 | Elf:2    | Found a runed translucent gate.
 55589 | Elf:2    | Found a runed translucent gate.
 55590 | Elf:2    | Found a runed translucent gate.
 55752 | Elf:2    | Found a deep blue altar of Sif Muna.
 55784 | Elf:2    | Received a gift from Okawaru
 56037 | Elf:2    | Identified the amulet "Poshiew" {RegenMP -Tele rElec Dex+3}
                  | (You found it on level 2 of the Elven Halls)
 56337 | Elf:3    | Entered Level 3 of the Elven Halls
 56520 | Elf:3    | Found Yhozed's Food Shoppe.
 56955 | Elf:3    | Received a gift from Okawaru
 56982 | Elf:3    | Received a gift from Okawaru
 56987 | Elf:3    | Reached skill level 10 in Hexes
 56992 | Elf:3    | Identified the +11 mace of Armageddon {flame, rElec Int+7}
 56992 | Elf:3    | Identified the +5 scale mail "Fyove" {rF+ rN+}
 57000 | Elf:3    | Identified the +8 spear of the Lair of Beasts {pierce, rF+
                  | rC+ Dex+3}
 57026 | Elf:3    | Identified the +6 hand axe of Mawemor {drain, +Blink rElec
                  | rN++}
 57026 | Elf:3    | Identified the amulet of Vanity {Reflect *Slow rElec rF+
                  | rC++ SH+3}
 57064 | Elf:3    | Identified the +4 glaive "Orb Guardian's Doom" {chop, rN++}
 57122 | Elf:3    | Identified the +7 short sword "Suukh" {pierce, Stlth+}
 57125 | Elf:3    | Reached XP level 24. HP: 176/228 MP: 25/34
 57387 | Elf:3    | Identified the ring of Migawnio {MR+ Dex+2} (You found it
                  | on level 3 of the Elven Halls)
 57391 | Elf:3    | Found the +2 cloak of the Thief {+Fog Slay-2 SInv Stlth+}
 57392 | Elf:3    | Found the +3 crown of Dyrovepreva {rElec Int+2 SInv}
 58181 | Vaults:5 | Entered Level 5 of the Vaults
 58223 | Vaults:5 | Received a gift from Okawaru
 58241 | Vaults:5 | Got a twisted centaur barding {god gift}
 58242 | Vaults:5 | Identified the +3 centaur barding of Freedom {*Corrode
                  | Regen+ Str+9} (Okawaru gifted it to you on level 5 of the
                  | Vaults)
 58334 | Vaults:5 | Got a silver rune of Zot
 58518 | Vaults:5 | Reached skill level 10 in Translocations
 58598 | Vaults:5 | Reached skill level 5 in Spellcasting
 58846 | Vaults:5 | Reached skill level 15 in Armour
 59011 | Vaults:5 | Noticed Jory
 59024 | Vaults:5 | Killed Jory
 59029 | Vaults:5 | Received a gift from Okawaru
 59267 | Vaults:5 | Reached skill level 22 in Fighting
 59626 | Vaults:5 | Identified Gonkeapn's Incunabulum of the Cloudy Escort
 59700 | Vaults:5 | Identified the +1 scale mail of the Locust {rElec}
 59748 | Vaults:5 | Received a gift from Okawaru
 59820 | Vaults:5 | Identified the +5 scale mail of Resonance {+Inv}
 59884 | Vaults:5 | Reached XP level 25. HP: 237/239 MP: 25/34
 59969 | Vaults:5 | Identified the Incunabulum of Ghastly Execration
 59989 | Vaults:5 | Learned a level 2 spell: Blink
 59991 | Vaults:5 | Learned a level 1 spell: Summon Butterflies
 60226 | Vaults:3 | Bought the ring "Langunai" {rF++ rN+ Str+2 Stlth-} for 1040
                  | gold pieces
 60231 | Vaults:3 | Learned a level 4 spell: Cause Fear
 60234 | Vaults:3 | Learned a level 2 spell: Swiftness
 60484 | Zot:1    | Entered Level 1 of the Realm of Zot
 60584 | Zot:1    | Reached skill level 1 in Summonings
 60593 | Zot:1    | Reached skill level 1 in Charms
 60593 | Zot:1    | Reached skill level 1 in Necromancy
 60648 | Zot:1    | Reached skill level 1 in Air Magic
 61127 | Zot:1    | Got a wavering bronze ring
 61549 | Zot:2    | Received a gift from Okawaru
 62049 | Zot:2    | Noticed an orb of fire
 62054 | Zot:2    | Gained mutation: You are weak. (Str -2) [an orb of fire]
 62062 | Zot:2    | Killed an orb of fire
 62084 | Zot:2    | Found a runed translucent gate.
 62085 | Zot:2    | Found a runed translucent gate.
 62086 | Zot:2    | Found a runed translucent gate.
 62086 | Zot:2    | Noticed Kimy's ghost (legendary OgBe)
 62138 | Zot:2    | Identified the ring "Healew" {Ice rPois MR+ Dex+2 SInv}
                  | (You found it on level 1 of the Realm of Zot)
 62345 | Zot:2    | Identified the ring "Ofargh" {rF+ MR+ MP+9}
 62913 | Zot:2    | Received a gift from Okawaru
 63214 | Zot:3    | Received a gift from Okawaru
 63251 | Zot:3    | Reached XP level 26. HP: 183/248 MP: 32/34
 63270 | Zot:3    | You fall into a shaft and drop 1 floor!
 63462 | Zot:4    | Received a gift from Okawaru
 63557 | Zot:4    | Reached skill level 5 in Charms
 63609 | Zot:4    | Reached skill level 5 in Summonings
 63710 | Zot:4    | Reached skill level 5 in Necromancy
 63862 | Zot:4    | Reached skill level 5 in Air Magic
 65361 | Zot:3    | Got a coiled silver amulet
 65465 | Zot:3    | Received a gift from Okawaru
 65625 | Zot:3    | Identified the amulet "Aqieplab" {Spirit *Corrode rPois
                  | Int+10} (You found it on level 3 of the Realm of Zot)
 65982 | Zot:5    | Entered Level 5 of the Realm of Zot
 66034 | Zot:5    | Reached skill level 23 in Fighting
 66779 | Zot:5    | Noticed an orb of fire
 66793 | Zot:5    | Killed an orb of fire
 66797 | Zot:5    | Received a gift from Okawaru
 66797 | Zot:5    | Reached XP level 27. HP: 230/258 MP: 29/35
 66799 | Zot:5    | Noticed an orb of fire
 66800 | Zot:5    | Gained mutation: Your body sometimes deteriorates upon
                  | taking damage. [an orb of fire]
 66800 | Zot:5    | Noticed an ancient lich
 66804 | Zot:5    | Gained mutation: Your flesh is cold resistant. (rC+) [an
                  | orb of fire]
 66804 | Zot:5    | Noticed an orb of fire
 66807 | Zot:5    | Gained mutation: You are frail. (-10% HP) [an orb of fire]
 66809 | Zot:5    | Gained mutation: You have a pair of small horns on your
                  | head. [an orb of fire]
 66809 | Zot:5    | Noticed an orb of fire
 66821 | Zot:5    | Gained mutation: Scrolls take you a little longer to read.
                  | [an orb of fire]
 66824 | Zot:5    | Noticed an ancient lich
 66828 | Zot:5    | Gained mutation: Your body often deteriorates upon taking
                  | damage. [an orb of fire]
 66834 | Zot:5    | Killed an ancient lich
 66836 | Zot:5    | Killed an orb of fire
 66836 | Zot:5    | Received a gift from Okawaru
 66843 | Zot:5    | Killed an ancient lich
 66856 | Zot:5    | Noticed an orb of fire
 66859 | Zot:5    | Gained mutation: You occasionally shout uncontrollably at
                  | your foes. [an orb of fire]
 66861 | Zot:5    | Gained mutation: Your spells are a little easier to cast,
                  | but a little less powerful. [an orb of fire]
 66874 | Zot:5    | Killed an orb of fire
 66879 | Zot:5    | Gained mutation: Scrolls take you longer to read. [an orb
                  | of fire]
 66882 | Zot:5    | Killed an orb of fire
 66984 | Zot:5    | Noticed an ancient lich
 66997 | Zot:5    | Killed an ancient lich
 67080 | Zot:5    | Killed an orb of fire
 67084 | Zot:5    | Noticed an orb of fire
 67099 | Zot:5    | Killed an orb of fire
 67165 | Zot:5    | Received a gift from Okawaru
 67186 | Zot:5    | Noticed an orb of fire
 67187 | Zot:5    | Gained mutation: Scrolls take you much longer to read. [an
                  | orb of fire]
 67187 | Zot:5    | Noticed an orb of fire
 67189 | Zot:5    | Gained mutation: You sometimes yell uncontrollably at your
                  | foes. [an orb of fire]
 67209 | Zot:5    | Killed an orb of fire
 67216 | Zot:5    | Killed an orb of fire
 67379 | Zot:5    | Noticed an ancient lich
 67393 | Zot:5    | Killed an ancient lich
 67439 | Zot:5    | Noticed an orb of fire
 67442 | Zot:5    | Gained mutation: You are clumsy. (Dex -2) [an orb of fire]
 67446 | Zot:5    | Killed an orb of fire
 67451 | Zot:5    | Noticed an orb of fire
 67456 | Zot:5    | Killed an orb of fire
 67456 | Zot:5    | Reached skill level 24 in Fighting
 68110 | Zot:5    | Lost mutation: You are clumsy. (Dex -2) [potion of
                  | mutation]
 68110 | Zot:5    | Lost mutation: You are weak. (Str -2) [potion of mutation]
 68110 | Zot:5    | Gained mutation: You possess an exceptional clarity of
                  | mind. [potion of mutation]
 68111 | Zot:5    | Lost mutation: You sometimes yell uncontrollably at your
                  | foes. [potion of mutation]
 68111 | Zot:5    | Lost mutation: Your body often deteriorates upon taking
                  | damage. [potion of mutation]
 68111 | Zot:5    | Lost mutation: You occasionally shout uncontrollably at
                  | your foes. [potion of mutation]
 68111 | Zot:5    | Lost mutation: Your spells are a little easier to cast, but
                  | a little less powerful. [potion of mutation]
 68111 | Zot:5    | Lost mutation: Your body sometimes deteriorates upon taking
                  | damage. [potion of mutation]
 68111 | Zot:5    | Lost mutation: Your flesh is cold resistant. (rC+) [potion
                  | of mutation]
 68111 | Zot:5    | Gained mutation: You are partially covered in icy blue
                  | scales. (AC +2) [potion of mutation]
 68125 | Zot:5    | Got the Orb of Zot
 68518 | D:10     | Received a gift from Okawaru
 68663 | D:4      | Noticed Mengef the pandemonium lord
 68786 | D:$      | Escaped with the Orb!

Levels and vault maps discovered:
D:1:      roderic_crop_circles_arrival_small, layout_loops_ring
D:2:      layout_basic, uniq_jessica
D:3:      layout_loops_corners, overflow_temple_1_default, first_ration,
          led_sif_pool
D:4:      layout_basic, gammafunk_ghost_smash, serial_shops,
          nicolae_shop_overgrown_old_shop, hangedman_decor_clover_reticule,
          uniq_robin, uniq_natasha
D:5:      layout_basic, serial_corexii_hall, chequers_hall_statues_corner_a,
          chequers_hall_statues_y, chequers_hall_statues_y, cheibrodos_gnoll_hut
D:6:      layout_cave_pods, minmay_temple_entry_mini_moons
D:7:      layout_cave_pods, uniq_duvessa
D:8:      layout_loops_corners, dpeg_lair_monsters
D:9:      layout_irregular_city
D:10:     layout_irregular_city, serial_shops, nicolae_shop_trees, enter_trove_5
D:11:     layout_stronghold, uniq_grum, uniq_urug
D:12:     layout_loops_cross, david_orc_5, the_bakery
D:13:     layout_stronghold, minmay_misc_feat_four_crosses
D:14:     layout_roguey [special_room_bee], lightli_vaults_fourway_checkpoint
D:15:     gammafunk_depths_entry_grave, layout_loops_cross
Temple:   kilobyte_greek_temple
Lair:1:   layout_chaotic_city, uniq_erica
Lair:2:   statuecave_lemuel, layout_chaotic_city,
          minmay_snake_entry_guardpost_medium, serial_bayou,
          serial_bayou_pond_d, serial_bayou_crossing, serial_bayou_pond_c,
          serial_bayou_shore_b, serial_bayou_pond_d, serial_bayou_shore_a,
          grunt_megastairs_2, lemuel_fruit_fields, uniq_nergalle
Lair:3:   dpeg_oklob_gauntlet, layout_chaotic_city,
          portal_ice_cave_entry_pillars_1
Lair:4:   layout_cave_pods, minmay_swamp_entry_eels, basic_altar
Lair:5:   gammafunk_cloud_chamber, layout_hall_layers,
          nicolae_volcano_entry_batcave
Lair:6:   hangedman_lair_in_review, layout_loops_ring,
          hangedman_lair_caniforms_friends, minmay_slime_entry_oklob_open,
          lemuel_fruit_tree, uniq_sonja
Swamp:1:  layout_basic_swamp, nicolae_swamp_round_clearing
Swamp:2:  layout_basic_swamp, serial_swamp_ruin, evilmike_swamp_ruin_house_3,
          evilmike_swamp_ruin_house_2, swamp_pool1, roderic_carrion_pond,
          uniq_kirke
Swamp:3:  layout_falls_marsh, evilmike_swamp_ruin_rubble_2
Swamp:4:  swamp_basic_johnstein, layout_basic_swamp, swamp_pool4
Snake:1:  layout_grid_maze, uniq_aizul, uniq_asterion
Snake:2:  layout_basic, serial_shops, nicolae_shop_behind_doors,
          statue_in_the_mist_lemuel
Snake:3:  layout_cave_pods, gammafunk_ghost_wrathful_warriors, drop_trap,
          lemuel_oklob_altar
Snake:4:  minmay_snake_end_coiled, layout_grid_maze, uniq_vashnia,
          uniq_bai_suzhen
Orc:1:    layout_diamond_mine, lemuel_statue_altar
Orc:2:    grunt_orc_tribal_feast, layout_diamond_mine, rock_pile, uniq_rupert
Elf:1:    layout_geoelf_grid, minmay_elf_necromancy
Elf:2:    layout_geoelf_grid, hangedman_summoners_spam
Elf:3:    grunt_elf_hall_asides, layout_geoelf_grid, serial_shops, shop
Vaults:1: ebering_vaults_ghost_gozag, dpeg_vaults_monster_box,
          nicolae_vaults_network_s, nicolae_vaults_circle_grid_a, v_misc_1,
          nicolae_vaults_network_quinsquares
          [nicolae_vaults_network_quincunx_subvault,
          nicolae_vaults_network_quincunx_subvault,
          nicolae_vaults_network_quincunx_subvault,
          nicolae_vaults_network_quincunx_subvault], hangedman_vaults_snaps,
          v_misc_23, v_alt_pattern_2, dpeg_vaults_pockets_of_resistance,
          hangedman_vaults_impose, nicolae_vaults_asterisk,
          layout_vaults_omnibox, serial_shops, shop, shop,
          nicolae_shop_waterfront, shop_statue, shop
Vaults:2: nicolae_vaults_alarming, v_misc_22, v_misc_11,
          ontoclasm_vaults_misaligned, blue_anna_dwarven_crypt,
          vaults_room_fours, layout_vaults_omnigrid
Vaults:3: v_misc_16, v_rooms_6, vaults_room_hallway, v_misc_1, v_rooms_2,
          hangedman_vaults_stretched_pinwheel, hangedman_vaults_corner_blocks,
          vaults_mumra_hexcomb, vaults_room_fancy_cross,
          ontoclasm_vaults_decontamination, hangedman_vaults_pinch,
          nicolae_vaults_windows_and_doors_thing, layout_vaults_maze_snakey,
          serial_shops, nicolae_shop_crystal, nicolae_shop_stone
Vaults:4: hangedman_vaults_stretched_pinwheel, nicolae_vaults_ninety_degrees,
          ontoclasm_vaults_ligature, st_diamondy, v_misc_8,
          ontoclasm_vaults_ring_large, v_misc_1, v_misc_16,
          hangedman_vaults_corner_blocks, nicolae_vaults_little_ls,
          grunt_vaults_hallway_long, ontoclasm_vaults_ring_small,
          layout_vaults_ring, serial_shops, shop
Vaults:5: uniq_jory
Depths:1: layout_basic, enter_ziggurat_a, pf_coc_iceberg,
          nemelex_xobeh_ov_fountains_minmay, chequers_serial_rivers_room_a,
          kennysheep_two_boxes, kennysheep_random_hallway
Depths:2: minmay_ambush_box, layout_cave_pools, rand_demon_pan_entry_8,
          hell_entry, serial_sigils_hangedman_etch, dk_noncrumbling_3,
          minmay_acid_items, infiniplex_staircase_zigzag_5
Depths:3: minmay_concentric_multi, layout_basic, hellmouth_1,
          grunt_pan_entry_spiral, infiniplex_staircase_zigzag_2
Depths:4: abrahamwl_protected_by_tso_3, layout_cave_pools, abyss_entry,
          pan_entry, grunt_mini_vestibule, chequers_serial_rivers_large_a,
          infiniplex_staircase_pillars_2, serial_bayou_shore_b, uniq_mara
Depths:5: grunt_zot_entry_gee_three, layout_cave_shapes, hell_entry,
          minmay_misc_feat_chi, serial_bayou_shore_b, uniq_saint_roka
Zot:1:    layout_onion
Zot:2:    kennysheep_ambush_hall, layout_misc_corridors,
          gammafunk_ghost_tricky_traps
Zot:3:    kennysheep_bubbly, layout_misc_corridors, st_single_dragon_hoard_1
Zot:4:    hangedman_orp_of_zott, layout_misc_corridors
Zot:5:    layout_basic

Skill      XL: |  1  2  3  4  5  6  7  8  9 10 11 12 13 14 15 16 17 18 19 20 21 22 23 24 25 26 27 |
---------------+----------------------------------------------------------------------------------+-----
Fighting       | 3 4 5 6 7 8 9 11 13 14 15 16 17 18 19 20 21 22 23 24 | 24.4
Bows           | 6 7 8 10 11 12 14 16 18 19 20 | 20.0
Polearms       | 2 3 4 5 7 |  7.0
Dodging        | 2 3 6 7 8 10 11 12 13 | 13.0
Armour         | 1 3 4 5 7 8 9 10 11 12 13 14 15 16 17 | 17.8
Invocations    | 1 4 6 8 9 10 12 14 15 16 | 16.0
Evocations     | 1 3 4 6 7 8 9 10 11 12 13 | 13.0
Translocations | 1 5 7 8 9 12 13 | 13.0
Hexes          | 1 5 7 8 10 | 10.2
Spellcasting   | 1 3 4 5 7 8 |  8.0
Summonings     | 4 6 |  6.0
Charms         | 4 7 9 |  9.0
Necromancy     | 4 7 8 |  8.0
Air Magic      | 4 7 8 |  8.0
Stealth        | |  0.7

Action                   |  1- 3 |  4- 6 |  7- 9 | 10-12 | 13-15 | 16-18 | 19-21 | 22-24 | 25-27 || total
-------------------------+-------+-------+-------+-------+-------+-------+-------+-------+-------++-------
Melee: Short sword       |    90 |       |       |       |       |       |       |       |       ||    90
       Kick              |    10 |    11 |    24 |    18 |     4 |       |       |     1 |     8 ||    76
       Mace              |     9 |       |       |       |       |       |       |       |       ||     9
       Flail             |       |    41 |       |       |       |       |       |       |       ||    41
       Trident           |       |    66 |   137 |    53 |     5 |       |       |       |       ||   261
       Shortbow          |       |     1 |       |     2 |       |       |       |       |       ||     3
       Longbow           |       |       |       |       |       |       |       |     2 |       ||     2
       Demon trident     |       |       |       |       |       |       |       |       |    12 ||    12
 Fire: Shortbow          |    16 |    62 |   276 |   746 |  1528 |   422 |       |       |       ||  3050
       Longbow           |       |       |       |       |       |  1109 |  1574 |  1568 |  1422 ||  5673
Throw: Stone             |       |       |     1 |       |       |       |       |       |       ||     1
 Cast: Blink             |       |       |       |       |       |       |       |       |     5 ||     5
       Cause Fear        |       |       |       |       |       |       |       |       |     1 ||     1
       Regeneration      |       |       |       |       |       |       |       |       |    16 ||    16
Invok: Heroism           |       |       |     1 |     3 |     8 |     4 |     4 |     6 |     9 ||    35
       Finesse           |       |       |       |     1 |     3 |     5 |     7 |     8 |     9 ||    33
 Abil: Evoke Flight      |       |       |       |       |     2 |       |       |       |       ||     2
       Stop Flying       |       |       |       |       |     1 |       |       |       |       ||     1
Evoke: Wand              |       |       |       |     3 |     5 |     1 |     4 |     1 |     8 ||    22
       Lamp of fire      |       |       |       |       |       |     1 |       |       |       ||     1
       Lightning rod     |       |       |       |       |       |       |       |       |     3 ||     3
  Use: Scroll            |       |     6 |     8 |     7 |    11 |    11 |     7 |    14 |    11 ||    75
       Potion            |       |     1 |       |     2 |     1 |     1 |     2 |     1 |     4 ||    12
  Eat: Chunk             |       |     7 |    14 |    10 |    25 |    11 |    32 |    22 |    16 ||   137
       Ration            |       |       |       |     2 |     1 |     5 |       |       |     1 ||     9
Armor: Ring mail         |    40 |       |       |       |       |       |       |       |       ||    40
       Scale mail        |    40 |    80 |    72 |       |       |       |       |       |       ||   192
       Chain mail        |       |       |    51 |   172 |    22 |       |       |       |       ||   245
       Plate armour      |       |       |       |       |   245 |   251 |   279 |    44 |       ||   819
       Gold dragon scale |       |       |       |       |       |       |       |   193 |   494 ||   687
Dodge: Dodged            |    50 |    40 |    40 |    37 |    76 |   107 |   209 |   145 |   261 ||   965

Table legend:
 A = Non-vault XP
 B = Vault XP
 C = Vault XP percentage of total XP
 D = Non-vault monster count
 E = Vault monster count
 F = Vault count percentage of total count
                 A         B        C        D         E       F
            +---------+---------+-------+---------+---------+-------
      Total |  799968 |  888214 |  52.6 |    1458 |     917 |  38.6
            +---------+---------+-------+---------+---------+-------
        D:1 |      33 |       0 |   0.0 |      17 |       0 |   0.0
        D:2 |      82 |      37 |  31.1 |      18 |       1 |   5.3
        D:3 |     303 |       0 |   0.0 |      27 |       0 |   0.0
        D:4 |     422 |     533 |  55.8 |      14 |      14 |  50.0
        D:5 |     940 |     101 |   9.7 |      26 |       3 |  10.3
        D:6 |     335 |       0 |   0.0 |      24 |       0 |   0.0
        D:7 |     666 |     220 |  24.8 |      18 |       2 |  10.0
        D:8 |    3118 |    5198 |  62.5 |      30 |       6 |  16.7
        D:9 |    2629 |       0 |   0.0 |      25 |       0 |   0.0
       D:10 |    3250 |    1007 |  23.7 |      33 |       1 |   2.9
       D:11 |    1024 |       0 |   0.0 |      11 |       0 |   0.0
       D:12 |    6122 |     538 |   8.1 |      25 |      24 |  49.0
       D:13 |    8845 |       0 |   0.0 |      33 |       0 |   0.0
       D:14 |    7472 |    8622 |  53.6 |      22 |      36 |  62.1
       D:15 |   18977 |    6286 |  24.9 |      35 |       8 |  18.6
     Lair:1 |    6397 |     892 |  12.2 |      25 |       1 |   3.8
     Lair:2 |    1065 |    1499 |  58.5 |       8 |       6 |  42.9
     Lair:3 |    6358 |    1032 |  14.0 |      23 |       2 |   8.0
     Lair:4 |    4241 |     270 |   6.0 |      16 |       5 |  23.8
     Lair:5 |    6544 |    1140 |  14.8 |      19 |       9 |  32.1
     Lair:6 |   14024 |   22354 |  61.4 |      45 |      82 |  64.6
    Swamp:1 |   17488 |       0 |   0.0 |      39 |       0 |   0.0
    Swamp:2 |    6808 |    3628 |  34.8 |      21 |      12 |  36.4
    Swamp:3 |    9780 |       0 |   0.0 |      32 |       0 |   0.0
    Swamp:4 |   17617 |   22146 |  55.7 |      35 |      26 |  42.6
    Snake:1 |   19854 |    4260 |  17.7 |      38 |       2 |   5.0
    Snake:2 |   16589 |       0 |   0.0 |      39 |       0 |   0.0
    Snake:3 |   28071 |    8372 |  23.0 |      50 |      12 |  19.4
    Snake:4 |   12689 |   34674 |  73.2 |      22 |      46 |  67.6
      Orc:1 |    2230 |       0 |   0.0 |      49 |       0 |   0.0
      Orc:2 |    2361 |   10712 |  81.9 |      21 |      31 |  59.6
      Elf:1 |    1663 |       0 |   0.0 |       3 |       0 |   0.0
      Elf:2 |    5951 |   29502 |  83.2 |      10 |      41 |  80.4
      Elf:3 |   19747 |   52328 |  72.6 |      30 |      36 |  54.5
   Vaults:1 |   13818 |   51349 |  78.8 |      35 |      66 |  65.3
   Vaults:2 |   26167 |    9481 |  26.6 |      38 |      14 |  26.9
   Vaults:3 |   29202 |   26632 |  47.7 |      65 |      45 |  40.9
   Vaults:4 |   32785 |   18846 |  36.5 |      43 |      22 |  33.8
   Vaults:5 |   12553 |  137260 |  91.6 |      21 |      93 |  81.6
   Depths:1 |   44953 |   15229 |  25.3 |      66 |      10 |  13.2
   Depths:2 |   30605 |   14623 |  32.3 |      41 |       9 |  18.0
   Depths:3 |   18454 |   43912 |  70.4 |      18 |      38 |  67.9
   Depths:4 |   35813 |   13867 |  27.9 |      39 |      10 |  20.4
   Depths:5 |   50838 |   32531 |  39.0 |      56 |      30 |  34.9
      Zot:1 |   60480 |       0 |   0.0 |      36 |       0 |   0.0
      Zot:2 |   68267 |   11284 |  14.2 |      37 |       8 |  17.8
      Zot:3 |   45358 |   26513 |  36.9 |      31 |      13 |  29.5
      Zot:4 |   47330 |   33919 |  41.7 |      30 |      39 |  56.5
      Zot:5 |   29650 |  219129 |  88.1 |      19 |      47 |  71.2
      IceCv |       0 |    9317 | 100.0 |       0 |      36 | 100.0
    Volcano |       0 |    8971 | 100.0 |       0 |      31 | 100.0
            +---------+---------+-------+---------+---------+-------
